[Event "Early-Titled-Tuesday-Blitz-May-28-2024"]
[Site "Chess.com"]
[Date "2024.05.28"]
[Round "9"]
[White "Yaacovn"]
[Black "jk13"]
[Result "1-0"]
[WhiteElo "2865"]
[BlackElo "2674"]
[TimeControl "180+1"]
[EndTime "9:47:29 PDT"]
[Termination "Yaacovn won by resignation"]

1. d4 Nf6 2. e3 e6 3. Bd3 d5 4. Nd2 Be7 5. c3 b6 6. e4 O-O 7. e5 Nfd7 8. Qe2 a5 9. c4 Bb7 10. Ngf3 c5 11. cxd5 Bxd5 12. Be4 Nc6 13. Bxd5 exd5 14.
e6 Nf6 15. exf7+ Rxf7 16. O-O Bd6 17. dxc5 bxc5 18. Qe6 Qd7 19. Qxd7 Rxd7 20. Re1 a4 21. Nf1 Rb8 22. Re2 Rdb7 23. Ne3 g6 24. g3 Rb4 25. Kg2 h5 26. h4 Nd4 27. Nxd4 Rxd4 28. Rc2 Rdb4 29. Bd2 R4b5 30. Rd1 Be5 31. Bc1 Bd4 32. Kf3 Kf7 33. Ng2 Be5 34. Ne3 Bd4 35. Rdd2 Ne4 36. Re2 Nf6 37. Kg2 R8b7 38. Kf1 Bxe3 39. Rxe3 d4 40. Ra3 Rb4 41. Rxc5 Rd7 42. Rd3 Ne4 43. Rc2 Rd5 44. Be3 Nc5 45. Rxd4 Rdxd4 46. Bxd4 Rxd4 47. Rxc5 Rd2 48. Rb5 Rc2 49. a3 Rd2 50. Rb4 Rc2 51. Rxa4 Rxb2 52. Rf4+ Kg7 53. a4 Ra2 54. Ke1 Kh6 55.
Kd1 Kg7 56. Kc1 Kh6 57. Kb1 Ra3 58. Kb2 Rd3 59. a5 Rd6 60. Kb3 Ra6 61. Kb4 Ra8 62.
Kb5 Re8 63. a6 Re1 64. Ra4 Rb1+ 65. Kc6 Rc1+ 66. Kd5 Rd1+ 67. Ke4 Rd8 68. a7 Ra8 69. Kd5 Kg7 70. Kc6 1-0

[Event "Early-Titled-Tuesday-Blitz-May-28-2024"]
[Site "Chess.com"]
[Date "2024.05.28"]
[Round "9"]
[White "biveklama"]
[Black "Flaccidmoves"]
[Result "1-0"]
[WhiteElo "2613"]
[BlackElo "2489"]
[TimeControl "180+1"]
[EndTime "9:47:29 PDT"]
[Termination "biveklama won on time"]

1. e4 e6 2. d4 d5 3. Nc3 Bb4 4.
e5 c5 5. a3 Bxc3+ 6. bxc3 Ne7 7. h4 Qc7 8. Rh3 b6 9. h5 h6 10.
Bd2 Ba6 11. Qg4 Bxf1 12. Kxf1 Nf5 13. Ne2 cxd4 14. Nxd4 Qc4+ 15. Kg1 Nc6 16. Re1 Ncxd4 17. cxd4 Qxd4 18. Qe2 Qc4 19. Rd3 O-O 20. c3 d4 21.
Qe4 Rfd8 22. g4 Ne7 23. cxd4 Rac8 24. g5 hxg5 25. Bxg5 Rd7 26. Bxe7 Rxe7 27. Rg3 Kh8 28. Qg4 Rg8 29. h6 g5 30. Ree3 Rd7 31. Qf3 Rg6 32. h7 Qxd4 33. Re4 Qd1+ 34. Kg2 Qxf3+ 35. Rxf3 Kxh7 36.
Rc3 g4 37. a4 Rg5 38. Ra3 Kg6 39. a5 b5 40. a6 Rd5 41. Rae3 Rc5 42. Kg3 1-0

[Event "Early-Titled-Tuesday-Blitz-May-28-2024"]
[Site "Chess.com"]
[Date "2024.05.28"]
[Round "9"]
[White "FischerKasparow"]
[Black "C_K_G"]
[Result "0-1"]
[WhiteElo "2111"]
[BlackElo "2301"]
[TimeControl "180+1"]
[EndTime "9:47:30 PDT"]
[Termination "C_K_G won on time"]

1. e4 c5 2. Nf3 d6 3. d4 cxd4 4.
Nxd4 Nf6 5. Nc3 a6 6. a4 e5 7.
Nf3 Be6 8. Bg5 Be7 9. Bxf6 Bxf6 10. Nd5 Be7 11. Bc4 O-O 12. O-O Nd7 13. Qd2 Nc5 14. Rfe1 Rc8 15. Nxe7+ Qxe7 16. Bxe6 fxe6 17. c4 Nb3 18. Qd3 Nxa1 19. Rxa1 Rc6 20. b3 Rc7 21. Rd1 Rd7 22. Nxe5 Rdd8 23. Nf3 Rf7 24. Rd2 h6 25. b4 d5 26. exd5 exd5 27. c5 Rf4 28. Re2 Qf6 29. b5 Rxa4 30. h4 Ra1+ 31. Kh2 axb5 32. g3 Rc1 33. Ne5 Rxc5 34. Ng6 Rc7 35. h5 b4 36. Qb5 Qf3 37. Re8+ Kh7 38. Rxd8 Qxh5+ 39. Kg2 Qxg6 40. Rxd5 Qe4+ 41. Kh3 Rc1 0-1

[Event "Early-Titled-Tuesday-Blitz-May-28-2024"]
[Site "Chess.com"]
[Date "2024.05.28"]
[Round "9"]
[White "CarlosjPineror"]
[Black "Bauman_Guy"]
[Result "1-0"]
[WhiteElo "2765"]
[BlackElo "2913"]
[TimeControl "180+1"]
[EndTime "9:47:31 PDT"]
[Termination "CarlosjPineror won by resignation"]

1. e4 c5 2. Nf3 d6 3. d4 Nf6 4.
Nc3 cxd4 5. Nxd4 a6 6. Bg5 Nbd7 7. f4 Qa5 8. Qe2 h6 9. Bh4 e5 10. Nb3 Qc7 11. f5 b5 12. a3 Bb7 13. O-O-O Be7 14. Bf2 Rc8 15. Kb1 Nb6 16. Qe1 Na4 17. Bd3 Nxc3+ 18. bxc3 d5 19. Bh4 dxe4 20. Bxf6 exd3 21. Bxe5 dxc2+ 22. Kxc2 Qc4 23. Bxg7 Rg8 24. f6 Be4+ 25. Kb2 Bxf6 26. Bxf6 Rxg2+ 27. Rd2 Rg6 28. Rd4 Rg2+ 29. Ka1 Qxb3 30. Qxe4+ Kf8 31. Qxg2 Qxa3+ 32. Qa2 Qxc3+ 33. Qb2 Qa5+ 34. Kb1 Qb6 35. Rc1 Rxc1+ 36. Kxc1 Qxf6 37. Qd2 Qf1+ 38. Kb2 Qf6 39. Kb3 a5 40. Rd8+ Kg7 41. Qd4 Qxd4 42. Rxd4 Kf6 43. Rd5 a4+ 44. Kb4 Ke6 45.
Rxb5 f5 46. Rb6+ Ke5 47. Rxh6 f4 48. Rh8 f3 49. Rf8 Ke4 50. h4 Ke3 51. h5 Ke2 52.
h6 f2 1-0

[Event "Early-Titled-Tuesday-Blitz-May-28-2024"]
[Site "Chess.com"]
[Date "2024.05.28"]
[Round "9"]
[White "unbreakablepawn35"]
[Black "simaopdias"]
[Result "0-1"]
[WhiteElo "2351"]
[BlackElo "2248"]
[TimeControl "180+1"]
[EndTime "9:47:32 PDT"]
[Termination "simaopdias won by checkmate"]

1. c4 e6 2. Nc3 d5 3. d4 Be7 4.
cxd5 exd5 5. Qc2 c6 6. Bf4 Nd7 7. e3 Ngf6 8. Bd3 O-O 9. Nf3 h6 10. h3 Re8 11. O-O Nf8 12. Rab1 Nh5 13. Bh2 Bd6 14.
Bxd6 Qxd6 15. b4 a6 16. a4 g6 17. b5 axb5 18. axb5 Ng7 19. Ra1 Bf5 20. bxc6 bxc6 21. Rfc1 Ra3 22. Rxa3 Qxa3 23. Bxf5 Nxf5 24. Nb1 Qa1 25.
Qxc6 Rd8 26. Qc3 Qa6 27. Nbd2 Ne6 28. Nb3 Qe2 29. Qc2 Qb5 30. Ne5 Ng5 31. Nc5 Rc8 32. Rb1 Qa5 33. Qb2 Nd6 34. Ra1 Qd8 35. Rb1 Nge4 36.
Qb6 Qe7 37. Ra1 Nxc5 38. Nc6 Qe8 39. Na7 Nce4 40. Nxc8 Qxc8 41. Qa7 Qf5 42. Qa8+ Kg7 43. Qa2 Nc4 44. Rc1 Ncd2 45. Rf1 Nxf1 46. Kxf1 Nc3 47.
Qa5 Qb1# 0-1

[Event "Early-Titled-Tuesday-Blitz-May-28-2024"]
[Site "Chess.com"]
[Date "2024.05.28"]
[Round "9"]
[White "viktorskliarov"]
[Black "verrbaa"]
[Result "0-1"]
[WhiteElo "2626"]
[BlackElo "2475"]
[TimeControl "180+1"]
[EndTime "9:47:33 PDT"]
[Termination "verrbaa won by resignation"]

1. e4 c5 2. Nf3 e6 3. d4 cxd4 4. Nxd4 Nc6 5. Nc3 Qc7 6. Be2 Nf6 7. O-O Be7 8. Be3 O-O 9. f4 d6 10. Kh1 a6 11. Qe1 Nxd4 12. Bxd4 b5 13. a3 Bb7 14.
Qg3 g6 15. Bf3 Bc6 16. e5 dxe5 17. fxe5 Nd7 18. Ne4 Bxe4 19. Bxe4 Rad8 20. h4 Bc5 21. Bc3 f5 22. h5 Kg7 23. Bf3 Nb6 24. Qg5 Na4 25. h6+ Kg8 26. Rad1 Nxc3 27. bxc3 Be7 28. Qe3 Bxa3 29. c4 Bc5 30. Qb3 b4 31. Qa4 a5 32. Qc6 Qxc6 33. Bxc6 Bd4 34. Rfe1 Bc3 35. Rf1 Kf7 36. Bb5 Bd2 37. g3 Bxh6 38. Kg2 Bg7 39.
Rfe1 Rxd1 40. Rxd1 Bxe5 41. Rd7+ Kf6 42. Rxh7 Rd8 43.
Ra7 Rd2+ 44. Kf3 Rxc2 45. Rxa5 b3 46. g4 b2 47. Ra7 b1=Q 48. Be8 Qf1+ 0-1

[Event "Early-Titled-Tuesday-Blitz-May-28-2024"]
[Site "Chess.com"]
[Date "2024.05.28"]
[Round "9"]
[White "chess_blitz00"]
[Black "NikitaShnadrygin"]
[Result "0-1"]
[WhiteElo "2323"]
[BlackElo "2761"]
[TimeControl "180+1"]
[EndTime "9:47:33 PDT"]
[Termination "NikitaShnadrygin won by resignation"]

1. d3 d5 2. e4 dxe4 3. dxe4 Qxd1+ 4. Kxd1 e5 5. Be3 Be6 6. f3 Nd7 7. Nd2 Bc5 8. Bxc5 Nxc5 9. c3 Rd8 10. Kc2 f6 11. Ne2 a5 12. Nc1 Ne7 13. Ncb3 Nxb3 14. axb3 b6 15. Bb5+ Kf7 16. Rhd1 h5 17. h4 g5 18.
hxg5 fxg5 19. Nf1 h4 20. Rxd8 Rxd8 21. Ne3 Ng6 22. Bc4 Nf4 23. Bxe6+ Kxe6 24. Rd1 Rh8 25. Rh1 Ra8 26. Ra1 Rf8 27. Rh1 Ra8 28. Ra1 c6 29. b4 a4 30. Rd1 b5 31. Rd2 a3 32. bxa3 Rxa3 33. Kb2 Ra8 34. Nf5 Rc8 35. Rd6+ Kf7 36. Rd7+ Ke6 37. Rd6+ Kf7 38. g3 Ng6 39. gxh4 gxh4 40.
Rd7+ Kf6 41. Rd6+ Kg5 42. Ne3 h3 43. Ng4 Rf8 44. Nh2 Nh4 45. Rd3 Kf4 46. Ng4 Nxf3 47.
Nf2 h2 48. Rd1 Kg3 49. Nh1+ Kg2 50. Kc2 Ng1 51. Rd8 Rxd8 0-1

[Event "Early-Titled-Tuesday-Blitz-May-28-2024"]
[Site "Chess.com"]
[Date "2024.05.28"]
[Round "9"]
[White "mangochessgo"]
[Black "KNVB"]
[Result "0-1"]
[WhiteElo "2619"]
[BlackElo "2776"]
[TimeControl "180+1"]
[EndTime "9:47:34 PDT"]
[Termination "KNVB won on time"]

1. d4 Nf6 2. Nf3 b6 3. Bf4 Bb7 4. e3 Nh5 5. Bg5 h6 6. Bh4 g5 7. Nfd2 Ng7 8. Bg3 d6 9. Bd3 Bxg2 10. Rg1 Bb7 11. c4 Nd7 12. Nc3 e5 13. Qe2 exd4 14. exd4+ Qe7 15. f4 Qxe2+ 16. Nxe2 O-O-O 17. O-O-O f5 18. d5 Be7 19. Nd4 Rdf8 20. Rdf1 g4 21. Re1 Bf6 22. Ne6 Nxe6 23. Rxe6 Nc5 24. Bxf5 Nxe6 25.
Bxe6+ Kb8 26. Ne4 h5 27. Nxf6 Rxf6 28. f5 Rhf8 29. Rf1 Bc8 30. Bh4 Rxf5 31. Rxf5 Rxf5 32.
Bxf5 Bxf5 33. Kd2 Kc8 34. Ke3 Bb1 35. a3 Ba2 36. Kd4 Kd7 37. b4 a6 38. c5 dxc5+ 39. bxc5 b5 40. c6+ Kc8 41. Kc5 Bb3 42. Bg3 Bd1 43. d6 cxd6+ 44. Kxd6 Be2 45. Kc5 a5 0-1

[Event "Early-Titled-Tuesday-Blitz-May-28-2024"]
[Site "Chess.com"]
[Date "2024.05.28"]
[Round "9"]
[White "balack95"]
[Black "ChessSwole"]
[Result "0-1"]
[WhiteElo "2504"]
[BlackElo "2690"]
[TimeControl "180+1"]
[EndTime "9:47:35 PDT"]
[Termination "ChessSwole won by resignation"]

1. Nf3 Nf6 2. c4 c5 3. g3 d5 4. Bg2 Nc6 5. O-O e5 6. cxd5 Nxd5 7. Nc3 Nc7 8. d3 Be7 9. Be3 O-O 10. Rc1 Re8 11. Ne4 b6 12. Bg5 Bb7 13. a3 a5 14.
Bxe7 Qxe7 15. Nfd2 Nd4 16. Nc4 Ra6 17. b4 axb4 18.
axb4 b5 19. Ncd6 Bxe4 20. Nxe4 cxb4 21. e3 Nde6 22. g4 Rd8 23. Qc2 Ra3 24. Qb2 Raxd3 25. Qxe5 R3d5 26. Qb2 h6 27. Ng3 Rd2 28. Qe5 Qd6 29. Qe4 Ng5 30. Qb1 Nd5 31. Nf5 Qf8 32. Rfd1 Nc3 33. Rxd2 Rxd2 34. Rxc3 bxc3 35. Nd4 b4 36. Bd5 Qd6 37. Qb3 c2 38. Bxf7+ Nxf7 39. Nxc2 Qd5 40. Qxd5 Rxd5 41. Nxb4 Rd2 42. Kf1 Ne5 43.
h3 Nd3 44. Nxd3 Rxd3 45. Ke2 Ra3 46. Kf3 Kf7 47. Kf4 Kf6 48. h4 g5+ 49. hxg5+ hxg5+ 50. Ke4 Ra4+ 51. Kf3 Ke5 52. Kg3 Ke4 53. Kg2 Ra3 54.
Kg3 Ra1 55. Kg2 Kd3 56. Kf3 Ra4 57. Kg3 Ke2 58. f4 Kxe3 59. fxg5 Ke4 60. Kh4 Ke5 61. Kh5 Ke6 62. Kh6 Kf7 63. Kh7 Ra6 64. g6+ Rxg6 65.
g5 Rxg5 66. Kh6 Kf6 0-1

[Event "Early-Titled-Tuesday-Blitz-May-28-2024"]
[Site "Chess.com"]
[Date "2024.05.28"]
[Round "9"]
[White "Malev212"]
[Black "TomLiu777"]
[Result "0-1"]
[WhiteElo "2634"]
[BlackElo "2419"]
[TimeControl "180+1"]
[EndTime "9:47:36 PDT"]
[Termination "TomLiu777 won on time"]

1. d4 Nf6 2. Bf4 c5 3. d5 d6 4.
Nc3 e5 5. dxe6 Bxe6 6. e4 Be7 7. Nf3 O-O 8. Ng5 Bg4 9. Qd2 Nc6 10. h3 Bh5 11. Bc4 Nd4 12. f3 h6 13. h4 d5 14.
Nxd5 Nxd5 15. Bxd5 hxg5 16. hxg5 Bxf3 17. g6 Bh4+ 18. Kf1 Be2+ 19. Kg1 Qf6 20. gxf7+ Rxf7 21. c3 Nf3+ 22. gxf3 Qg6+ 23. Kh2 Bxf3 24. Rhg1 Qh5 25. Bxf7+ Kxf7 26. Qd7+ Be7+ 27. Qh3 Rh8 28. Qxh5+ Bxh5 29. Kg3 Bg6 30. Rh1 Rd8 31. Rad1 Re8 32. e5 Ke6 33. Kf3 Bf5 34. Rhg1 Rg8 35. Bg5 Bxg5 36. Rxg5 g6 37. Rg2 Kxe5 38. Re2+ Kf6 39. Rd6+ Kg5 40. Rg2+ Kh6 0-1

[Event "Early-Titled-Tuesday-Blitz-May-28-2024"]
[Site "Chess.com"]
[Date "2024.05.28"]
[Round "9"]
[White "Grischuk"]
[Black "DenLaz"]
[Result "1/2-1/2"]
[WhiteElo "3122"]
[BlackElo "3122"]
[TimeControl "180+1"]
[EndTime "9:47:37 PDT"]
[Termination "Game drawn by repetition"]

1. d4 Nf6 2. Bf4 d5 3. Nf3 c5 4. e3 Nc6 5. Nbd2 Bg4 6. c3 e6 7. Qb3 Qc8 8. h3 Bh5 9. Be2 Be7 10. dxc5 Nd7 11. Bd6 Bxd6 12. cxd6 O-O 13. O-O Rd8 14.
Qa3 Nb6 15. Rfd1 e5 16. e4 Qe6 17. Ng5 Qg6 18. Bxh5 Qxh5 19. Ndf3 d4 20. cxd4 exd4 21. e5 Nc4 22. Qb3 N4xe5 23. Qxb7 Rab8 24. Qa6 h6 25. Nxe5 Nxe5 26. Ne4 Qg6 27. Ng3 Qxd6 28. Qxd6 Rxd6 29.
b3 d3 30. Rac1 a5 31. Rd2 a4 32. bxa4 Rd4 33. Nf5 Rxa4 34. Ne3 Rba8 35. Rcd1 Rxa2 36. f4 Ng6 37. g3 Rxd2 38. Rxd2 Ra3 39. Kf2 Ne7 40.
Nc4 Rc3 41. Ne5 Rc2 42. Ke1 Nf5 43. g4 Nh4 44. Rxd3 Ng2+ 45. Kd1 Rc8 46. f5 Nf4 47. Rf3 Nd5 48. Rd3 Nf4 49. Rf3 Nd5 50. Rd3 Nf4 1/2-1/2

[Event "Early-Titled-Tuesday-Blitz-May-28-2024"]
[Site "Chess.com"]
[Date "2024.05.28"]
[Round "9"]
[White "Zhigalko_Sergei"]
[Black "js20000"]
[Result "0-1"]
[WhiteElo "2883"]
[BlackElo "2715"]
[TimeControl "180+1"]
[EndTime "9:47:37 PDT"]
[Termination "js20000 won by checkmate"]

1. e4 d6 2. d4 Nf6 3. Nc3 e6 4. Nf3 Be7 5. Bd3 Nc6 6. e5 Nd7 7.
Qe2 Nb4 8. O-O Nxd3 9. Qxd3 d5 10. Ne2 c5 11. c3 Qb6 12. Ng3 Qa6 13. Qd1 h5 14. Bg5 f6 15. exf6 gxf6 16. Bh4 Nf8 17. Re1 Ng6 18. Qc2 Kf7 19. Re3 cxd4 20. cxd4 Bd7 21. Rae1 Rac8 22. Qb1 Bb4 23. Rd1 Qc4 24. a3 Bd6 25. Rc3 Qa4 26. Re3 Qc2 27. Qa1 Bf4 28. Re2 Qc4 29. Rde1 Qc1 30. Qa2 Qc4 31. Qb1 Rcg8 32.
h3 Nxh4 33. Nxh4 Qxd4 34. Ngf5 Qb6 35. Qd3 Be5 36. Ng3 Rxg3 37. Nf3 Rhg8 38. Qh7+ R3g7 39. Qxh5+ Kf8 40. Kh1 Rxg2 41. Rxe5 fxe5 42. Nxe5 Qxf2 43. Nxd7+ Ke7 44. Qh4+ Qxh4 45. Rxe6+ Kxe6 46. Nf8+ Ke5 47. Ne6 Kxe6 48. b4 Rg1+ 49. Kh2 Qg3# 0-1

[Event "Early-Titled-Tuesday-Blitz-May-28-2024"]
[Site "Chess.com"]
[Date "2024.05.28"]
[Round "9"]
[White "wild3000"]
[Black "sergeikim"]
[Result "1/2-1/2"]
[WhiteElo "2387"]
[BlackElo "2609"]
[TimeControl "180+1"]
[EndTime "9:47:37 PDT"]
[Termination "Game drawn - insufficient material"]

1. d4 Nf6 2. Nf3 g6 3. g3 Bg7 4. Bg2 O-O 5. O-O d6 6. b3 e5 7. e3 e4 8. Nfd2 Re8 9. c4 c6 10. Nc3 Bf5 11. a4 a5 12. Ba3 h5 13. b4 axb4 14.
Bxb4 Na6 15. Qb3 Nxb4 16. Qxb4 c5 17. Qxb7 Rb8 18. Qa6 cxd4 19. exd4 e3 20. fxe3 Rxe3 21. Nb5 Ng4 22. Nf3 Re2 23. Qxd6 Qxd6 24. Nxd6 Rbb2 25. Bh3 Nxh2 26. Nxf5 gxf5 27. Rad1 Nxf1 28. Bxf1 Rf2 29. Ne5 Rfd2 30. Re1 Rxd4 31. Nf3 Re4 32. Rc1 Re3 33. Bg2 Rc3 34. Rxc3 Bxc3 35. Nh4 Bd4+ 36.
Kh2 Rb4 37. Bd5 f4 38. gxf4 Rxa4 39. Nf5 Bg7 40. Kh3 Ra6 41. Kh4 Bf6+ 42. Kxh5 Kf8 43.
Kg4 Ra2 44. Nd6 Ra7 45. Nxf7 Rxf7 46. Bxf7 Kxf7 47. Kf5 Be7 48. Ke4 Kf6 49. Kf3 Kf5 50.
Ke3 Bd6 51. Kd4 Bxf4 52. Kd5 Be3 53. c5 Bxc5 1/2-1/2

[Event "Early-Titled-Tuesday-Blitz-May-28-2024"]
[Site "Chess.com"]
[Date "2024.05.28"]
[Round "9"]
[White "Szachulec75"]
[Black "BashirliSaadat"]
[Result "0-1"]
[WhiteElo "2187"]
[BlackElo "2376"]
[TimeControl "180+1"]
[EndTime "9:47:37 PDT"]
[Termination "BashirliSaadat won by resignation"]

1. Nf3 d5 2. g3 c6 3. Bg2 Nf6 4. d3 g6 5. O-O Bg7 6. Nbd2 O-O 7.
e4 dxe4 8. dxe4 Bg4 9. c3 Nbd7 10. Qc2 Nc5 11. h3 Bxf3 12. Bxf3 Qd3 13. Qxd3 Nxd3 14.
Nb3 a5 15. a4 Rfd8 16. Rb1 Nd7 17. Be3 N7e5 18. Be2 Nc4 19. Bd4 Ndxb2 20. Bxg7 Kxg7 21. Nc5 b6 22. Bxc4 Nxc4 23. Nb3 Rd3 24. Rfc1 e5 25. Kf1 Rad8 26. Ke2 f5 27. exf5 gxf5 28. Ra1 Kf6 29. Ra2 c5 30. Rcc2 Rd1 31. Nd4 Rb1 32. Nb5 Rdd1 33. Kf3 e4+ 34. Kf4 Ne5 35. g4 Nd3+ 36.
Kg3 Rg1+ 37. Kh4 f4 38. Nc7 Ke5 39. Re2 Rbe1 40. Na8 Rxe2 41. Rxe2 Rb1 42. g5 c4 43. Kh5 Rh1 44. h4 f3 45. Rd2 Rh2 46. Kg4 Rxf2 47.
Rxf2 Nxf2+ 48. Kg3 Nd3 49. h5 f2 50. Kg2 e3 51.
Kf1 Kf4 52. Nxb6 Kf3 0-1

[Event "Early-Titled-Tuesday-Blitz-May-28-2024"]
[Site "Chess.com"]
[Date "2024.05.28"]
[Round "9"]
[White "NastyaHn"]
[Black "klercaku"]
[Result "0-1"]
[WhiteElo "2448"]
[BlackElo "2287"]
[TimeControl "180+1"]
[EndTime "9:47:38 PDT"]
[Termination "klercaku won by resignation"]

1. Nc3 d5 2. e4 dxe4 3. Nxe4 Nd7 4. d4 Ngf6 5. Nxf6+ Nxf6 6. Be3 e6 7. Bd3 Be7 8. Ne2 O-O 9. c4 c5 10. Qc2 Qc7 11.
h3 h6 12. O-O-O cxd4 13. Nxd4 a6 14. g4 b5 15. cxb5 Qxc2+ 16. Bxc2 axb5 17. Kb1 Bb7 18. Rhg1 Bd5 19. b3 Ne4 20. Nxb5 Rfb8 21. a4 Bf6 22. Bd4 Bxd4 23. Rxd4 Nxf2 24. Rg3 Bc6 25. Nc3 Rd8 26. Rxd8+ Rxd8 27. b4 e5 28. b5 Ba8 29. a5 e4 30. b6 Rb8 31. Re3 g6 32. Kb2 f5 33.
Re2 Nxh3 34. gxf5 gxf5 35. Na4 Ng5 36. a6 f4 37. Kc3 f3 38. Rh2 e3 39. Bd3 f2 40.
Rh1 Bxh1 41. a7 Ra8 42. Nc5 Bg2 43. b7 Bxb7 44. Nxb7 Rxa7 45. Nc5 Rc7 46. Bc4+ Kg7 47. Ne6+ Nxe6 0-1

[Event "Early-Titled-Tuesday-Blitz-May-28-2024"]
[Site "Chess.com"]
[Date "2024.05.28"]
[Round "9"]
[White "eightbyeightchess"]
[Black "Resignify"]
[Result "0-1"]
[WhiteElo "2390"]
[BlackElo "2318"]
[TimeControl "180+1"]
[EndTime "9:47:38 PDT"]
[Termination "Resignify won by resignation"]

1. d4 Nf6 2. c4 g6 3. Nc3 Bg7 4.
Nf3 d6 5. e4 O-O 6. Bg5 c5 7.
dxc5 dxc5 8. Be2 Nc6 9. O-O Bg4 10.
Be3 Bxf3 11. Bxf3 Nd4 12. e5 Nd7 13. Bxd4 cxd4 14. Qxd4 Nxe5 15. Qxd8 Rfxd8 16. Bxb7 Rab8 17. Ba6 Rxb2 18. Rad1 Rbd2 19. Nd5 Rxd1 20. Rxd1 Kf8 21.
Rc1 Nd3 22. Rb1 e6 23. Ne3 Bd4 24. g3 Ke7 25. Rb7+ Rd7 26. Rxd7+ Kxd7 27. Kf1 Bxe3 28. fxe3 Nc1 29. a3 Nb3 30. Ke2 Kd6 31. Bb5 f6 32.
Kd3 Nc5+ 33. Kc3 e5 34. Kb4 f5 35. Be8 g5 36. Kb5 h6 37. Bg6 f4 38. exf4 exf4 39. gxf4 gxf4 40. Bh5 Nd3 41. Bf3 Nc5 42. a4 Nb3 43.
Ka6 Nc5+ 44. Kxa7 Nxa4 45. Kb7 Kc5 46. Bd5 Nb2 47. Bf3 Nxc4 48. Kc7 Kd4 49. Kc6 Ke3 50. Bd5 f3 51. Kc5 Nd2 52. Kb4 f2 53. Bg2 f1=Q 54.
Kc3 Qxg2 0-1

[Event "Early-Titled-Tuesday-Blitz-May-28-2024"]
[Site "Chess.com"]
[Date "2024.05.28"]
[Round "9"]
[White "jcibarra"]
[Black "jens1102"]
[Result "0-1"]
[WhiteElo "2904"]
[BlackElo "2739"]
[TimeControl "180+1"]
[EndTime "9:47:39 PDT"]
[Termination "jens1102 won by resignation"]

1. e4 c5 2. Nf3 Nc6 3. Nc3 Nf6 4. d4 cxd4 5. Nxd4 e5 6. Ndb5 d6 7. Bg5 a6 8. Na3 b5 9. Bxf6 gxf6 10. Nd5 f5 11. g3 Bg7 12. Bg2 fxe4 13. Bxe4 Be6 14. Qh5 h6 15. O-O O-O 16. c3 f5 17.
Bg2 e4 18. Nf4 Qd7 19. Nc2 Bf7 20. Qe2 Bc4 21. Qh5 Bf7 22. Qd1 d5 23. Bh3 d4 24.
cxd4 Bc4 25. Re1 Nxd4 26. Rxe4 Rad8 27. Re1 Qb7 28. Nxd4 Bxd4 29. Qc2 Qf3 30. Bg2 Qg4 31. Ne6 Bxe6 32. Rxe6 Rc8 33. Qd2 Rf6 34. Bd5 Kg7 35.
Rae1 Rxe6 36. Rxe6 Rd8 37. Qc2 Bxf2+ 38. Kxf2 Qd4+ 39.
Kg2 Qxd5+ 40. Kh3 Qxe6 41. Qc7+ Rd7 42. Qc3+ Qf6 43. Qd2 Rf7 44. Qd3 Qg5 45. Qd4+ Qf6 46. Qd3 Qe6 47. Qd4+ Kg6 48. Qd8 f4+ 49. g4 Kg7 50.
Qc8 Qxc8 0-1

[Event "Early-Titled-Tuesday-Blitz-May-28-2024"]
[Site "Chess.com"]
[Date "2024.05.28"]
[Round "9"]
[White "Bilan_Danila"]
[Black "salomez"]
[Result "1-0"]
[WhiteElo "2544"]
[BlackElo "2348"]
[TimeControl "180+1"]
[EndTime "9:47:39 PDT"]
[Termination "Bilan_Danila won on time"]

1. d4 Nf6 2. Nf3 g6 3. Bg5 Bg7 4. c3 d5 5. Nbd2 O-O 6. e3 b6 7.
Ne5 Ba6 8. Bxa6 Nxa6 9. Qa4 Nb8 10. O-O c6 11. c4 dxc4 12. Qxc4 c5 13. Ndf3 cxd4 14.
Nxd4 Nbd7 15. Nec6 Qe8 16. Rac1 Rc8 17. Qb4 Nc5 18.
Nxa7 Ra8 19. Qxb6 Nd3 20. Rc2 Nd5 21. Qa5 N5b4 22. Rc7 e5 23. Ndb5 e4 24. Be7 Nd5 25.
Bxf8 Bxf8 26. Rb7 Bb4 27. Qa6 Nxb2 28. a3 Bc5 29. Qc6 Bxa7 30. Qxe8+ Rxe8 31. Rxa7 Nc4 32. Nd4 Nc3 33. a4 Rd8 34. h3 Na2 35. a5 Nb4 36. a6 Rd6 37. Ra8+ Kg7 38. a7 Ra6 39. Rb1 Nd3 40.
Rf1 Nb6 41. Rb8 Nd7 42. a8=Q Nxb8 43. Qb7 Ra1 44. Qxb8 1-0

[Event "Early-Titled-Tuesday-Blitz-May-28-2024"]
[Site "Chess.com"]
[Date "2024.05.28"]
[Round "9"]
[White "djokovic74"]
[Black "noblerone"]
[Result "1-0"]
[WhiteElo "2735"]
[BlackElo "2522"]
[TimeControl "180+1"]
[EndTime "9:47:40 PDT"]
[Termination "djokovic74 won by resignation"]

1. e4 c5 2. Nf3 e6 3. d4 cxd4 4. Nxd4 Qb6 5. Nc3 Bc5 6. Na4 Qa5+ 7. c3 Bxd4 8. Qxd4 Nf6 9. f3 Nc6 10. Qd1 d5 11. b4 Qc7 12. Be2 dxe4 13. O-O exf3 14. Bxf3 Ne5 15. Be2 Ng6 16. Nc5 O-O 17.
Bf3 Rb8 18. Bb2 b6 19. Ne4 Nxe4 20. Bxe4 Bb7 21. Bc2 Rbd8 22. Qc1 Ba6 23. Rf2 Bc4 24. Qe3 Qd6 25. a4 Qd5 26. Re1 Rfe8 27. Qg3 Qd6 28. Qg4 Qd5 29. h4 h5 30. Qg3 Qd6 31. Qg5 Qd5 32. Bxg6 Qxg5 33. Bxf7+ Kh7 34. hxg5 Rf8 35. g6+ Kh8 36. Bc1 e5 37. Rd2 Rxd2 38. Bxd2 Bxf7 39. gxf7 Rxf7 40. Rxe5 g6 41. Bg5 Kg8 42. Re8+ Kg7 43. Re7 Kf8 44. Rxf7+ Kxf7 45. Bf4 Ke6 46. Bb8 a6 47. c4 b5 48. axb5 axb5 49. cxb5 1-0

[Event "Early-Titled-Tuesday-Blitz-May-28-2024"]
[Site "Chess.com"]
[Date "2024.05.28"]
[Round "9"]
[White "DominguezOnYoutube"]
[Black "crescentmoon2411"]
[Result "1-0"]
[WhiteElo "2994"]
[BlackElo "2898"]
[TimeControl "180+1"]
[EndTime "9:47:41 PDT"]
[Termination "DominguezOnYoutube won by resignation"]

1. e4 c6 2. d4 d5 3. e5 Bf5 4. Nf3 e6 5. Be2 c5 6. Be3 Nc6 7. dxc5 Nge7 8. c3 Bg4 9. Nbd2 Nf5 10. Bd4 Bxf3 11. Nxf3 g5 12. h3 Bg7 13. Bd3 Nfxd4 14. cxd4 h5 15. Qa4 g4 16. hxg4 hxg4 17. Rxh8+ Bxh8 18. Nd2 g3 19. Nf3 Bg7 20. Bb5 Kf8 21. Bxc6 bxc6 22. fxg3 Rb8 23. b4 Kg8 24. a3 Qc7 25. Kf2 f6 26. exf6 Bxf6 27. Re1 Rf8 28. Qd1 e5 29. dxe5 Bxe5 30. Kg1 Bxg3 31. Re6 Qg7 32. Qb1 Rxf3 33. Rg6 Re3 34. Rxg7+ Kxg7 35. Kf1 d4 36. Qc1 a6 37. a4 Kf8 38. b5 axb5 39.
axb5 cxb5 40. c6 Rc3 41. Qg5 b4 42. Qf6+ Ke8 43. Qe6+ Kf8 44. Qf6+ Ke8 45. Qxd4 Rxc6 46. Qe4+ Kd7 47. Qg4+ Kc7 48. Qxg3+ Kb6 49. Qb3 Kb5 50. g4 Rc3 51. Qd5+ Ka4 52. g5 b3 53. Qd4+ 1-0

[Event "Early-Titled-Tuesday-Blitz-May-28-2024"]
[Site "Chess.com"]
[Date "2024.05.28"]
[Round "9"]
[White "Peng_Li-Min"]
[Black "subham777"]
[Result "0-1"]
[WhiteElo "2757"]
[BlackElo "2586"]
[TimeControl "180+1"]
[EndTime "9:47:41 PDT"]
[Termination "subham777 won by resignation"]

1. e4 e6 2. d4 d5 3. exd5 exd5 4. Nf3 Nf6 5. Bd3 Bd6 6. O-O O-O 7. Bg5 h6 8. Bh4 c6 9. Nbd2 Re8 10. c4 Be6 11. c5 Be7 12. Re1 Nbd7 13. b4 a5 14.
b5 Nf8 15. bxc6 bxc6 16. Ne5 Bd7 17. Rb1 Ne6 18. Ndf3 g5 19. Bg3 g4 20. Nxd7 gxf3 21. Nxf6+ Bxf6 22. Qxf3 Bxd4 23. Qf5 Ng5 24. h4 Ne4 25.
Bxe4 dxe4 26. Rbd1 Qf6 27. Qg4+ Qg7 28. Qf5 Qf6 29. Qg4+ Qg7 30. Qh5 Be5 31. Rd7 Bxg3 32. fxg3 Re6 33. Rf1 Rf6 34. Rxf6 Qxf6 35. Rd6 Qa1+ 36.
Kh2 e3 37. Rxh6 Qg7 38. Rd6 Re8 39. Qe2 Qe5 40. Rxc6 Qe4 41. Rd6 Qe5 42. Rd7 Qxc5 43. Qg4+ Kf8 44. Qf3 Re7 45. Rd8+ Re8 46. Qg4 Rxd8 47.
h5 Qe7 48. h6 Qf6 49. h7 Qh6+ 50. Qh4 Qxh4+ 51. gxh4 Kg7 52. Kg3 e2 53. Kf2 Re8 54. Ke1 Kxh7 55. g4 Kg6 56. h5+ Kg5 57. Kf2 Kxg4 58.
Ke1 0-1

[Event "Early-Titled-Tuesday-Blitz-May-28-2024"]
[Site "Chess.com"]
[Date "2024.05.28"]
[Round "9"]
[White "Milop27"]
[Black "korbul"]
[Result "1-0"]
[WhiteElo "2524"]
[BlackElo "2654"]
[TimeControl "180+1"]
[EndTime "9:47:41 PDT"]
[Termination "Milop27 won by resignation"]

1. e4 c5 2. Nf3 e6 3. d4 cxd4 4. Nxd4 Nf6 5. Nc3 d6 6. Be3 a6 7. Bc4 b5 8. Bb3 b4 9. Na4 Nbd7 10. Nc6 Qc7 11. Nxb4 d5 12. Nd3 Nxe4 13. O-O Bd6 14. h3 O-O 15. c4 dxc4 16. Rc1 Ndf6 17. Bxc4 Qe7 18. Nb6 Rb8 19. Nxc8 Rfxc8 20. b3 a5 21. Qf3 Ba3 22. Rcd1 Nc3 23. Rd2 Ncd5 24. Bg5 Qb7 25. Ne5 Be7 26. Rfd1 h6 27. Bxf6 Nxf6 28. Qf4 Rd8 29. Rd7 Rxd7 30. Rxd7 Qb4 31. Rxe7 Qxe7 32. Nc6 Qa3 33. Qxb8+ Kh7 34. Bd3+ g6 35. Qf4 Kg7 36.
Ne5 Qxa2 37. Bc4 g5 38. Qe3 a4 39. bxa4 Qxa4 40. Bf1 Qa1 41. Nf3 Nd5 42. Qd4+ Qxd4 43. Nxd4 Nf4 44. g3 Ng6 45. Be2 Ne5 46. Kg2 Nd7 47.
Bb5 Ne5 48. Nc6 Ng6 49. Kf3 f5 50. Ke2 Kf6 51. Nd4 h5 52. Bd7 Nf8 53. Bc8 Ke5 54.
Kd3 h4 55. gxh4 gxh4 56. Nf3+ Kf4 57. Nxh4 Nh7 58. Bxe6 Ng5 59. Bxf5 Nf7 60. Ke2 Kg5 61. Be6 Nd8 62. Nf3+ Kf4 63. Bd5 Kf5 64. Ke3 Kf6 65. Ke4 Kg6 66. Ke5 Kh5 67. Kd6 Kg6 68. Kd7 1-0